 Dungeon Crawl Stone Soup version 0.30-a0-591-g3c58d2bc28 (webtiles) character file.

Game seed: 15308045099260458868

84 Crownlay the Nimble (level 4, -3/32 HPs)
             Began as a Gnoll Wanderer on Jan 5, 2023.
             Slain by Grinder (6 damage)
             ... while paralysed by Grinder
             ... on level 3 of the Dungeon.
             The game lasted 00:03:11 (2011 turns).

Crownlay the Nimble (Gnoll Wanderer)                Turns: 2011, Time: 00:03:12

Health: -3/32      AC:  7    Str:  9    XL:     4   Next: 45%
Magic:  5/5        EV:  2    Int: 12    God:
Gold:   133        SH:  0    Dex: 15    Spells: 5/5 levels left

rFire   . . .      SeeInvis .    d - +0 flail
rCold   . . .      Faith    .    (no shield)
rNeg    . . .      Spirit   .    b - +2 leather armour
rPois   .          Reflect  .    h - +0 helmet
rElec   .          Harm     .    n - scarf {+Inv}
rCorr   .          Rampage  .    (no gloves)
Will    .....                    (no boots)
Stlth   ++                       (no amulet)
HPRegen 0.25/turn                (no ring)
MPRegen 0.09/turn                (no ring)

@: paralysed
A: fangs 1, strong nose, distributed training
a: Evoke Invisibility


You were on level 3 of the Dungeon.
You visited 1 branch of the dungeon, and saw 3 of its levels.

You collected 133 gold pieces.

Inventory:

Hand Weapons
 a - a +0 sling
 d - a +0 flail (weapon)
Armour
 b - a +2 leather armour (worn)
 h - a +0 helmet (worn)
 n - a scarf of invisibility (worn)
Magical Staves
 q - a staff of cold
Jewellery
 i - a ring of ice
Scrolls
 f - a scroll of fog {unknown}
 g - a scroll of amnesia {unknown}
 j - a scroll of enchant weapon {unknown}
 k - a scroll of brand weapon {unknown}
 l - a scroll of poison {unknown}
 o - a scroll of summoning {unknown}
Potions
 c - 2 potions of curing
 e - a potion of attraction {unknown}
 m - a potion of haste {unknown}
 p - a potion of heal wounds {unknown}


   Skills:
 + Level 1.2 Fighting
 + Level 1.2 Short Blades
 + Level 1.2 Long Blades
 + Level 1.2 Axes
 + Level 1.2 Maces & Flails
 + Level 1.2 Polearms
 + Level 1.2 Staves
 + Level 2.8 Ranged Weapons
 + Level 1.2 Throwing
 + Level 6.6 Armour
 + Level 8.6 Dodging
 + Level 2.6 Stealth
 + Level 1.2 Shields
 + Level 1.2 Unarmed Combat
 + Level 1.2 Spellcasting
 + Level 1.0 Conjurations
 + Level 1.0 Hexes
 + Level 1.0 Summonings
 + Level 1.0 Necromancy
 + Level 1.0 Translocations
 + Level 1.0 Transmutations
 + Level 1.0 Fire Magic
 + Level 1.0 Ice Magic
 + Level 1.0 Air Magic
 + Level 1.0 Earth Magic
 + Level 1.0 Poison Magic
 + Level 1.3 Invocations
 + Level 2.8 Evocations


You had 5 spell levels left.
You didn't know any spells.
Your spell library contained the following spells:

 Spells                   Type           Power      Damage    Failure   Level
 Ensorcelled Hibernation  Hex/Ice        6%         N/A       36%         2
 Gell's Gravitas          Tloc           3%         N/A       61%         3
 Inner Flame              Hex/Fire       3%         N/A       61%         3
 Lesser Beckoning         Tloc           6%         N/A       61%         3
 Spider Form              Tmut/Pois      3%         N/A       61%         3
 Teleport Other           Tloc           3%         N/A       61%         3
 Anguish                  Hex/Necr       1%         N/A       95%         4
 Cause Fear               Hex            1%         N/A       95%         4
 Discord                  Hex            1%         N/A       100%        8


Dungeon Overview and Level Annotations

Branches:
Dungeon (3/15)

Altars:

Annotations:
D:3 Grinder


Innate Abilities, Weirdness & Mutations

You have very sharp teeth.
Your uncanny sense of smell can sniff out nearby items.
Your experience applies equally to all skills.


Message History

You can't see that place. [the floor.] Removed exclusion.
Grinder blinks!
There is an open door here.
A bat comes into view.
Found a scroll labelled VABAFEFIJU.
Found an escape hatch in the floor.
Grinder hits you but does no damage.
You hit Grinder.
Grinder is lightly wounded.
The bat completely misses you. Grinder gestures at you.
You resist with significant effort.
You closely miss Grinder.
Grinder is lightly wounded.
The bat barely misses you. Grinder gestures at you.
You resist with significant effort.
You barely miss Grinder.
Grinder is lightly wounded.
The bat misses you. Grinder closely misses you. x2
You hit Grinder. Your punch misses Grinder.
Grinder is lightly wounded.
The bat misses you. Grinder hits you.
You closely miss Grinder.
Grinder is lightly wounded.
The bat barely misses you. Grinder hits you!
You writhe in agony.
Grinder gestures at you. You resist with significant effort.
You hit Grinder but do no damage.
Grinder is lightly wounded.
The bat completely misses you. Grinder gestures at you.
You suddenly lose the ability to move!
Grinder hits you!
You writhe in agony.
* * * LOW HITPOINT WARNING * * *
The bat hits you but does no damage. Grinder hits you.
* * * LOW HITPOINT WARNING * * *
You writhe in agony.
You die...

##+#+#+##
#.$.....#
#.......+
#.......#
####.......##
#....5@.....#
#.....#'#'#...#
∆ .......#.#.#
...
......b#.#.. .
?...####.######
...> #......# .
### ######.#
... #.####.....
#..........


You could see Grinder and a bat.

Vanquished Creatures
  A gnoll (D:1)
  An adder (D:2)
  3 worms (D:2)
  2 dart slugs
  2 endoplasms
  4 giant cockroaches
  7 goblins (D:1)
  5 hobgoblins
  4 jackals (D:1)
  4 kobolds
  4 quokkas
  2 ball pythons
  4 bats (D:1)
  2 frilled lizards
  4 rats
49 creatures vanquished.

Notes
Turn   | Place    | Note
-------+----------+-------------------------------------------
     0 | D:1      | Crownlay the Gnoll Wanderer began the quest for the Orb.
     0 | D:1      | Crownlay set off with the following items: a +0 sling, a +2
                  | leather armour, 2 potions of curing.
     0 | D:1      | Reached XP level 1. HP: 13/13 MP: 1/1
   106 | D:1      | Reached XP level 2. HP: 19/19 MP: 2/2
   451 | D:1      | Reached XP level 3. HP: 25/25 MP: 3/3
   604 | D:1      | Reached skill level 1 in Invocations
   622 | D:1      | Reached skill level 1 in Fighting
   622 | D:1      | Reached skill level 1 in Short Blades
   622 | D:1      | Reached skill level 1 in Long Blades
   622 | D:1      | Reached skill level 1 in Axes
   622 | D:1      | Reached skill level 1 in Maces & Flails
   622 | D:1      | Reached skill level 1 in Polearms
   622 | D:1      | Reached skill level 1 in Staves
   622 | D:1      | Reached skill level 1 in Throwing
   622 | D:1      | Reached skill level 1 in Shields
   622 | D:1      | Reached skill level 1 in Unarmed Combat
   622 | D:1      | Reached skill level 1 in Spellcasting
  1353 | D:2      | Reached XP level 4. HP: 13/32 MP: 5/5
  1663 | D:2      | Reached skill level 1 in Conjurations
  1663 | D:2      | Reached skill level 1 in Hexes
  1663 | D:2      | Reached skill level 1 in Summonings
  1663 | D:2      | Reached skill level 1 in Necromancy
  1663 | D:2      | Reached skill level 1 in Translocations
  1663 | D:2      | Reached skill level 1 in Transmutations
  1663 | D:2      | Reached skill level 1 in Fire Magic
  1663 | D:2      | Reached skill level 1 in Ice Magic
  1663 | D:2      | Reached skill level 1 in Air Magic
  1663 | D:2      | Reached skill level 1 in Earth Magic
  1663 | D:2      | Reached skill level 1 in Poison Magic
  1975 | D:3      | Noticed Grinder
  2009 | D:3      | Paralysed by Grinder for 5 turns
  2011 | D:3      | Slain by Grinder

Illustrated notes

Levels and vault maps discovered:
D:1:      dpeg_arrival_round_a, layout_loops_ring, corner_web_ring
D:2:      layout_basic
D:3:      layout_basic, uniq_grinder

Skill      XL: |  1  2  3  4 |
---------------+-------------+-----
Invocations    | 1 |  1.3
Fighting       | 1 |  1.2
Short Blades   | 1 |  1.2
Long Blades    | 1 |  1.2
Axes           | 1 |  1.2
Maces & Flails | 1 |  1.2
Polearms       | 1 |  1.2
Staves         | 1 |  1.2
Throwing       | 1 |  1.2
Shields        | 1 |  1.2
Unarmed Combat | 1 |  1.2
Spellcasting   | 1 |  1.2
Conjurations   | 1 |  1.0
Hexes          | 1 |  1.0
Summonings     | 1 |  1.0
Necromancy     | 1 |  1.0
Translocations | 1 |  1.0
Transmutations | 1 |  1.0
Fire Magic     | 1 |  1.0
Ice Magic      | 1 |  1.0
Air Magic      | 1 |  1.0
Earth Magic    | 1 |  1.0
Poison Magic   | 1 |  1.0
Ranged Weapons | |  2.8
Armour         | |  6.6
Dodging        | |  8.6
Stealth        | |  2.6
Evocations     | |  2.8

Action                   |  1- 3 |  4- 6 || total
-------------------------+-------+-------++-------
Melee: Flail             |     2 |     8 ||    10
 Fire: Sling             |   235 |    55 ||   290
  Use: Potion            |     1 |       ||     1
Armor: Leather armour    |    44 |     4 ||    48
Dodge: Dodged            |   165 |    22 ||   187

Table legend: (Time is in decaauts)
 A = Elapsed time spent in this place.
 B = Non-inter-level travel time spent in this place.
 C = Inter-level travel time spent in this place.
 D = Time resting spent in this place.
 E = Time spent auto-exploring this place.
 F = Levels seen in this place.
 G = Mean time per level.
                   A        B        C        D        E       F      G
               +--------+--------+--------+--------+--------+-----+--------+
         Total |   2104 |   2020 |     84 |      0 |   1490 |   3 |  701.3 |
       Dungeon |   2104 |   2020 |     84 |      0 |   1490 |   3 |  701.3 |
               +--------+--------+--------+--------+--------+-----+--------+

Top non-repeatable levels by time:
     D:1: 1197 daAuts
     D:2: 831 daAuts
     D:3: 75 daAuts
